Cogmind - Beta 13 X1 @@@ ROGUE MODE // 2023.07.07 @ 22:18:31 Player: leiavoia Result: Destroyed by H-55 Commando with Gauss Rifle Performance ------------- Evolutions (3) 1500 Regions Visited (9) 1800 Robots Destroyed (262) 1310 Value Destroyed (9108) 9108 Prototype IDs (20) 400 Alien Tech Used (0) 0 Bonus (5497) 5497 TOTAL SCORE: 19615 Bonus ------- Triggered High Security 500 High Alert Combat Kills 3343 Follower Combat Kills 531 Entered Garrisons 400 Used RIF Installer 1000 Friendly Fire -277 Cogmind --------- Core Integrity 0/700 Matter 56/300 Energy 40/100 System Corruption 16% Temperature Cool (51) Movement Core (1600) Ox31 Location -7/Factory Parts ------- > --- POWER (1) -------- (None) > --- PROPULSION (4) --- (None) > --- UTILITY (6) ------ Huge Storage Unit Gun Armor Relay Coupler [Grunt] (1) Improved Trap Extractor (0/6) > --- WEAPON (2) ------- Heavy Rocket Launcher > --- INVENTORY (25) --- Aluminum Leg Improved Cooling System Huge Storage Unit Small Matter Pod (0) High-capacity Matter Pod (0) Trap Scanner Reactive Plating Shield Generator Shield Generator Relay Coupler [NC] (29) Relay Coupler [Swarmer] (36) Heavy Ion Cannon Mini Assault Cannon Mini Assault Cannon Heavy Rocket Launcher Heavy Rocket Launcher Improved Datajack Heavy Flail Peak State ------------ > --- POWER ------------ Heavy Ion Engine > --- PROPULSION ------- Medium Treads Wheel Armored Huge Wheel > --- UTILITY ---------- Humpback Hardened Heavy Armor Plating Hacking Suite Hacking Suite > --- WEAPON ----------- Mini Assault Cannon Mini Assault Cannon > --- INVENTORY -------- Heavy Ion Engine Medium Treads Compact Wheel Compact Wheel Improved Cooling System Improved Cooling System Coolant Injector Huge Storage Unit Huge Storage Unit High-capacity Matter Pod Structural Scanner Trap Scanner Improved Medium Armor Plating Improved Medium Armor Plating Improved Medium Armor Plating Gun Armor Reactive Plating Hardlight Generator Relay Coupler [NC] Relay Coupler [Swarmer] Relay Coupler [Grunt] Tractor Beam Improved Trap Extractor Improved Field Recycling Unit Plasma Cannon Heavy Ion Cannon Cooled Particle Cannon Flak Gun Advanced Assault Cannon Heavy Rocket Launcher Heavy Rocket Launcher Heavy Rocket Launcher Improved Datajack Remote Datajack Heavy Flail [Rating: 53] Favorites ----------- Power Improved Ion Engine Engine Improved Ion Engine Power Core Nuclear Core Propulsion Light Treads Treads Light Treads Leg Aluminum Leg Wheel Armored Wheel Utility Huge Storage Unit Device Heat Sink Storage Huge Storage Unit Hackware Hacking Suite Protection Improved Medium Armor Plating Weapon Improved Light Cannon Energy Gun Subdweller Laser Energy Cannon Beam Cannon Ballistic Gun Enhanced Autogun Ballistic Cannon Improved Light Cannon Launcher Heavy Rocket Launcher Special Weapon Remote Datajack Impact Weapon Heavy Flail Special Melee Weapon Datajack Build | -11 -10 -10 -9 -9 -8 -8 -8 -8 -7 ------- Run | Jun Mat Sub Mat Min Mat Gar Mat Gar Fac Slots Evolved 6 | . . . 2 . 2 . . . 2 Power . | . . . . . . . . . . Propulsion 2 | . . . 1 . 1 . . . . Utility 4 | . . . 1 . 1 . . . 2 Weapon . | . . . . . . . . . . Parts Attached 246 | 1 12 19 33 11 12 21 26 29 82 Power 13 | . 2 3 2 . 1 . 1 2 2 Engine 11 | . 2 3 2 . 1 . 1 1 1 Core 2 | . . . . . . . . 1 1 Reactor . | . . . . . . . . . . Propulsion 51 | . 3 2 9 2 4 4 11 7 9 Treads 28 | . 3 1 3 1 2 2 9 5 2 Leg . | . . . . . . . . . . Wheel 23 | . . 1 6 1 2 2 2 2 7 Hover . | . . . . . . . . . . Flight . | . . . . . . . . . . Utility 78 | . 4 2 10 4 3 5 6 8 36 Device 26 | . 1 1 3 2 1 2 3 1 12 Storage 5 | . 2 . 1 . . . . . 2 Processor . | . . . . . . . . . . Hackware 7 | . . . . . 1 1 . 3 2 Protection 40 | . 1 1 6 2 1 2 3 4 20 Artifact . | . . . . . . . . . . Weapon 104 | 1 3 12 12 5 4 12 8 12 35 Energy Gun 1 | . . 1 . . . . . . . Energy Cannon 17 | . 1 4 1 1 . 3 1 . 6 Ballistic Gun 13 | 1 1 . 2 . 1 2 3 2 1 Ballistic Cannon 32 | . . 2 6 2 2 3 3 3 11 Launcher 22 | . 1 1 2 1 1 2 1 4 9 Special Weapon 4 | . . 1 1 . . . . . 2 Impact Weapon 8 | . . 1 . . . 1 . 2 4 Slashing Weapon . | . . . . . . . . . . Piercing Weapon . | . . . . . . . . . . Special Melee Weapon 7 | . . 2 . 1 . 1 . 1 2 Unidentified Prototypes 5 | . . . . . . . 3 . 2 Corrupted Parts 2 | . . . . 2 . . . . . System Corruption 7 | . . . . 7 . . . . . Parts Lost 43 | . . 4 3 . . 1 5 5 25 Power 3 | . . . . . . . 1 . 2 Propulsion 14 | . . 3 1 . . . 1 2 7 Utility 17 | . . . 2 . . 1 2 1 11 Weapon 9 | . . 1 . . . . 1 2 5 Highest Loss Streak 16 | . . 2 1 . . 1 2 2 16 To Critical Strikes . | . . . . . . . . . . Average Slot Usage (%) 93 | . 97 90 99 94 89 90 96 99 84 Engine 9 | . 13 14 11 11 9 9 8 4 6 Treads 16 | . 26 14 10 11 18 18 22 34 5 Wheel 14 | . . 5 21 22 17 18 13 1 19 Device 6 | . 9 . 9 10 4 1 6 2 4 Storage 10 | . 14 14 11 11 9 9 9 9 6 Hackware 5 | . . . . . 8 8 4 11 11 Protection 9 | . 2 13 12 5 4 7 13 12 12 Energy Cannon 4 | . 13 11 3 2 . 6 3 . 1 Ballistic Gun 2 | . 14 . 1 . . 2 9 5 . Ballistic Cannon 10 | . . 4 16 18 17 8 4 10 7 Naked Turns . | . . . . . . . . . . Heaviest Build 251 | 12 53 37 101 113 116 123 124 110 251 Greatest Support 112 | 20 40 40 36 32 28 42 112 112 60 Greatest Overweight (x) 10 | . 1 3 3 5 4 5 5 4 10 Average Overweight (x) 2 | . . 2 2 3 4 3 3 1 4 Largest Inventory Capacity 35 | 8 20 15 25 25 25 25 25 25 35 Average Capacity 24 | 8 16 15 24 25 25 25 25 25 31 Most Carried 35 | 7 20 15 25 25 25 26 25 25 35 Average Carried 23 | 6 11 14 24 24 24 24 24 24 29 Final Capacity 25 | 8 15 15 25 25 25 25 25 25 25 Final Carried 25 | 7 15 15 25 25 25 25 25 25 18 Class Distribution -------------------- 52% | Mutant 21% | Scavenger-Mutant 10% | Hauler-Mutant 6% | Bothacker-Mutant 6% | Subdweller-Mutant Dominant Class ---------------- Mutant | -10/Materials Mutant | -10/Subcaves Scavenger-Mutant | -9/Materials Mutant | -9/Mines Subdweller-Mutant | -8/Materials Mutant | -8/Garrison Scavenger-Mutant | -8/Materials Scavenger-Mutant | -8/Garrison Hauler-Mutant | -7/Factory Resources | -11 -10 -10 -9 -9 -8 -8 -8 -8 -7 ----------- Run | Jun Mat Sub Mat Min Mat Gar Mat Gar Fac Matter Collected 8474 | 216 474 164 1191 436 1007 1175 1011 977 1823 Remotely 189 | . . . . . . . . . 189 Salvage Created 8680 | 103 731 252 1680 350 751 1017 1053 850 1893 Parts 483 | 4 43 8 118 29 26 44 56 48 107 Haulers Intercepted 13 | . 2 . 6 . 3 . 2 . . Recyclers Shooed 6 | . 2 . 1 . 1 . 1 . 1 Parts Field Recycled 15 | . . . . . . . . . 15 Retrieved Matter 144 | . . . . . . . . . 144 Parts Self-Destructed 6 | . . 6 . . . . . . . Prevented . | . . . . . . . . . . Kills | -11 -10 -10 -9 -9 -8 -8 -8 -8 -7 ------- Run | Jun Mat Sub Mat Min Mat Gar Mat Gar Fac Combat Hostiles Destroyed 189 | . 17 6 35 2 11 14 21 28 55 Guns 27 | . 6 1 . . . . 12 8 . Cannons 102 | . 8 4 32 2 8 12 6 7 23 AOE 60 | . 3 1 3 . 3 2 3 13 32 Classes Destroyed 18 | 2 5 1 3 . 2 1 1 1 2 Worker 10 | . 1 . 2 3 . . . . 4 Builder 9 | . . . 2 1 . . 1 . 5 Tunneler 7 | 1 . . 1 4 1 . . . . Hauler 13 | . 2 . 6 . 3 . 2 . . Recycler 17 | 1 1 . 3 2 5 . . . 5 Mechanic 4 | . . . . . . . 1 . 3 Operator 5 | . . . 3 . . . 1 . 1 Watcher 10 | . 3 . 3 . 1 1 . . 2 Swarmer 33 | . 6 . 3 . . 5 3 9 7 Grunt 100 | . 11 . 25 2 7 2 11 13 29 Brawler 5 | . . . . . . . . . 5 Duelist 7 | . . . . . 1 . 2 . 4 Protector 3 | . . . . . . . . . 3 Sentry 23 | . . . 7 . 2 5 4 3 2 Specialist 2 | . . . . . . . . 2 . Hunter 6 | . . . . . 1 1 1 1 2 Programmer 4 | . . . . . . 1 . . 3 Subdweller 6 | . . 6 . . . . . . . Thug 1 | . . . . . . . 1 . . Best Kill Streak 19 | 2 5 2 10 3 7 6 6 9 19 Combat Bots Only 17 | . 4 2 6 2 5 6 5 9 17 Max Kills in Single Turn 3 | 1 3 1 3 1 2 1 3 3 3 Gunslinging . | . . . . . . . . . . Exploded 3 | . 2 1 2 . 2 1 2 3 3 Melee . | . . . . . . . . . . Uniques/NPCs Destroyed . | . . . . . . . . . . Combat | -11 -10 -10 -9 -9 -8 -8 -8 -8 -7 -------- Run | Jun Mat Sub Mat Min Mat Gar Mat Gar Fac Damage Taken 11035 | . 357 630 995 34 436 1103 1185 1490 4805 Core 1438 | . 42 121 116 . . 148 159 150 702 Absorbed by Shields 120 | . . . . . . . . . 120 Ignored by Resistances 52 | . . . . . . . . . 52 Regen/Repaired (Parts) 468 | . 76 . 133 . 259 . . . . Core Remaining (%) 55 | 100 . 34 . 71 . . . 16 . Volleys Fired 662 | 2 47 34 112 27 55 145 65 68 107 Largest 2 | 2 2 2 2 2 2 2 2 2 2 Hottest 137 | 70 80 120 99 119 78 119 137 96 96 Shots Fired 1101 | 4 92 62 218 34 107 187 122 108 167 Gun 236 | 4 45 14 18 . . 26 70 59 . Cannon 794 | . 45 45 195 34 104 158 49 31 133 Launcher 66 | . 2 1 5 . 3 3 3 18 31 Special 5 | . . 2 . . . . . . 3 Kinetic 715 | 2 45 4 167 18 107 61 104 95 112 Thermal 335 | 2 45 57 50 16 . 126 18 . 21 Explosive 48 | . 2 1 1 . . . . 13 31 Electromagnetic . | . . . . . . . . . . Robot Hit Streak 46 | 4 9 15 10 9 18 46 20 16 9 Robot Miss Streak 5 | . 3 1 4 4 2 5 4 3 4 Penetration Max . | . . . . . . . . . . Secondary Targets 1 | . . . . . . . 1 . . Max Gunslinging Chain 1 | . . . . . . . 1 . . Shots Hit Robots 744 | 4 62 49 133 23 75 137 78 74 109 Core Hits 426 | 3 34 11 61 11 29 46 42 50 139 Critical Kills 3 | . . . . . . . 3 . . Critical Parts Destroyed 4 | . . . . . . . 3 . 1 Critical Strikes 17 | 1 . . 3 . 1 . 6 . 6 Burn 1 | 1 . . . . . . . . . Destroy 6 | . . . . . . . 6 . . Blast 9 | . . . 3 . 1 . . . 5 Smash 1 | . . . . . . . . . 1 Melee Attacks 44 | . . 8 . 4 . 3 . 18 11 Impact 26 | . . 1 . . . 1 . 16 8 Slashing . | . . . . . . . . . . Piercing . | . . . . . . . . . . Sneak Attacks 12 | . . 7 . 1 . . . . 4 Combat Hostiles 1 | . . . . . . . . . 1 Follow-up Attacks . | . . . . . . . . . . Damage Inflicted 26059 | 53 1221 765 3278 482 2009 3401 1999 3704 9147 Guns 2967 | 53 395 164 240 . . 377 935 803 . Cannons 12251 | . 602 558 2625 473 1631 2933 673 406 2350 Explosions 9968 | . 203 43 413 . 378 91 369 1872 6599 Melee 821 | . . . . . . . . 623 198 Ramming 52 | . 21 . . 9 . . 22 . . Kinetic 11769 | 28 395 66 2695 211 2009 837 1585 1962 1981 Thermal 5453 | 25 602 656 583 262 . 2564 392 . 369 Explosive 7964 | . 203 43 . . . . . 1119 6599 Electromagnetic . | . . . . . . . . . . Impact 821 | . . . . . . . . 623 198 Slashing . | . . . . . . . . . . Piercing . | . . . . . . . . . . Highest Corruption 16 | . 3 3 . 7 . 3 3 4 16 Average Corruption 3 | . 2 3 . 4 . 2 3 3 3 Corruption Purged . | . . . . . . . . . . Corruption Blocked . | . . . . . . . . . . Effects 189 | . 9 22 . 37 . 29 16 54 22 Message Errors 35 | . 4 3 . 7 . 4 3 10 4 Matter Fused 57 | . 2 4 . 13 . 9 5 17 7 Heat Flow Errors 22 | . . 4 . 3 . 3 3 7 2 Energy Discharges 19 | . 2 3 . 4 . 3 1 5 1 Parts Rejected 2 | . . . . . . . . 1 1 Parts Fused 1 | . . . . 1 . . . . . Data Loss (minor) 16 | . 1 1 . 5 . 3 1 4 1 Data Loss (major) 12 | . . 4 . . . 3 . 4 1 Misfires 10 | . . 3 . 1 . 2 1 . 3 Alerts 6 | . . . . 2 . 1 . 2 1 Misdirections 1 | . . . . . . . . . 1 Weapon Failures 8 | . . . . 1 . 1 2 4 . Overload Shots 1 | . . . . . . . . . 1 Overflow Damage 742 | . 15 6 69 5 42 22 14 305 264 Projectiles 216 | . 15 6 36 5 16 22 14 52 50 Explosions 237 | . . . 33 . 26 . . 30 148 Melee 289 | . . . . . . . . 223 66 Knockbacks 60 | . . 1 14 1 14 3 2 9 16 Impact 2 | . . . . . . . . 2 . Kinetic 56 | . . 1 13 1 14 3 2 6 16 Secondary 2 | . . . 1 . . . . 1 . Self-Inflicted Damage 378 | . . . . . . 50 8 82 238 Shots 11 | . . . . . . 2 . 4 5 Rammed 14 | . 7 . . 3 . . 4 . . Targets Rammed 15 | . 7 . . 4 . . 4 . . Kicked . | . . . . . . . . . . Crushed 1 | . . . . 1 . . . . . Highest Temperature 417 | 18 123 244 330 231 225 321 417 268 330 Average Temperature 76 | 10 35 53 89 71 40 101 116 65 52 Received Heat Transfer 3388 | . 156 144 462 18 252 216 369 522 1249 Effects 3 | . . . . . . 2 1 . . Energy Bleed 2 | . . . . . . 2 . . . Matter Decay 1 | . . . . . . . 1 . . Siege Activations . | . . . . . . . . . . Robots Corrupted . | . . . . . . . . . . Combat Hostiles . | . . . . . . . . . . Parts Fried 7 | . . . . . . . . 5 2 Impact Corruptions 12 | . . . . . . . . 9 3 Robots Melted 1 | . . . . . . 1 . . . Combat Hostiles . | . . . . . . . . . . Parts Melted 13 | 1 4 3 . . . 4 1 . . Heat Transferred 9228 | 148 1221 1236 1184 333 . 3836 750 . 520 Parts Sabotaged . | . . . . . . . . . . Parts Stolen . | . . . . . . . . . . Parts Stripped . | . . . . . . . . . . Power Chain Reactions 1 | . . . . . . . . . 1 Missiles Intercepted . | . . . . . . . . . . Alert | -11 -10 -10 -9 -9 -8 -8 -8 -8 -7 ------- Run | Jun Mat Sub Mat Min Mat Gar Mat Gar Fac Peak Influence 2275 | 10 249 . 847 301 248 1347 877 1975 2275 Initial 1036 | . 6 . . 301 19 . 656 557 1036 Average 606 | 8 80 . 564 69 82 593 727 1266 1237 Maximum Alert Level 5 | . 1 . 3 1 1 4 3 5 5 Low Security (%) 37 | 100 95 . 9 84 81 27 . . . Level 1 8 | . 4 . 11 15 18 17 . . . Level 2 11 | . . . 49 . . 14 47 6 . Level 3 22 | . . . 29 . . 26 52 32 44 Level 4 14 | . . . . . . 14 . 38 43 Level 5 3 | . . . . . . . . 22 . High Security 2 | . . . . . . . . . 12 Max Security . | . . . . . . . . . . Squads Dispatched 47 | . 4 . 6 1 3 . 7 . 26 Investigation 9 | . 2 . 2 . 1 . 1 . 3 Extermination 3 | . . . . . . . . . 3 Reinforcement 12 | . 2 . 3 1 1 . 1 . 4 Assault 18 | . . . 1 . . . 1 . 16 Garrison 5 | . . . . . 1 . 4 . . Intercept . | . . . . . . . . . . Searches Triggered . | . . . . . . . . . . Construction Impeded 4 | . . . . 1 . . . . 3 Haulers Reinforced . | . . . . . . . . . . Active Scanning Responses . | . . . . . . . . . . Cargo Convoy Interrupts . | . . . . . . . . . . Stealth | -11 -10 -10 -9 -9 -8 -8 -8 -8 -7 --------- Run | Jun Mat Sub Mat Min Mat Gar Mat Gar Fac Distress Signals 4 | . 1 . 1 . 1 . . . 1 Communications Jammed . | . . . . . . . . . . Distress Signals . | . . . . . . . . . . Times Spotted 288 | . 24 7 47 2 23 27 25 35 98 Peak Tracking Total 21 | . 5 2 4 2 4 6 4 6 21 Tactical Retreats 7 | . . . 1 . . 1 . 3 2 Traps | -11 -10 -10 -9 -9 -8 -8 -8 -8 -7 ------- Run | Jun Mat Sub Mat Min Mat Gar Mat Gar Fac Traps Triggered 23 | . 4 1 2 . 1 5 1 6 3 Indirectly . | . . . . . . . . . . Trap Hack Attempts . | . . . . . . . . . . Triggered . | . . . . . . . . . . Disarmed . | . . . . . . . . . . Reprogrammed . | . . . . . . . . . . Reused 2 | . . . . . . . . . 2 Traps Extracted . | . . . . . . . . . . Installed 3 | . . . . . . . . . 3 Triggered 2 | . . . . . . . . . 2 Most Traps Carried 5 | . . . . 5 5 4 4 4 4 Machines | -11 -10 -10 -9 -9 -8 -8 -8 -8 -7 ---------- Run | Jun Mat Sub Mat Min Mat Gar Mat Gar Fac Machines Disabled 27 | . . 1 4 . 1 4 . 8 9 Max in Single Turn 2 | . . 1 1 . 1 1 . 2 1 Garrison Access 1 | . . . . . . . . . 1 Garrison Relay 5 | . . . . . . 2 . 3 . Machines Repaired . | . . . . . . . . . . Machines Sabotaged . | . . . . . . . . . . Overloaded Fab Kills . | . . . . . . . . . . Hacking | -11 -10 -10 -9 -9 -8 -8 -8 -8 -7 --------- Run | Jun Mat Sub Mat Min Mat Gar Mat Gar Fac Machines Accessed 53 | . 9 1 11 1 6 5 4 3 13 Terminals 30 | . 6 . 9 . 1 5 2 3 4 Fabricators 1 | . . . . . . . . . 1 Repair Stations 5 | . 1 . 2 . 1 . . . 1 Recycling Units 10 | . 2 . . . 2 . . . 6 Scanalyzers 2 | . . . . . 1 . 1 . . Garrison Access 3 | . . . . . 1 . 1 . 1 Total Hacks 135 | . 21 9 26 1 16 14 12 6 30 Successful 79 | . 12 9 14 1 11 8 6 2 16 Failed 55 | . 8 . 12 . 5 6 6 4 14 Catastrophic 10 | . 2 . 1 . 1 2 . 2 2 Database Lockouts 1 | . 1 . . . . . . . . Manual 44 | . 9 . 7 . 5 6 2 1 14 Terminals 75 | . 14 . 21 . 4 14 8 6 8 Fabricators 2 | . . . . . . . . . 2 Repair Stations 14 | . 3 . 5 . 4 . . . 2 Recycling Units 26 | . 4 . . . 5 . . . 17 Scanalyzers 5 | . . . . . 2 . 3 . . Garrison Access 3 | . . . . . 1 . 1 . 1 Terminal Hacks 43 | . 9 9 9 1 2 5 3 2 3 Record 8 | . . 8 . . . . . . . Part Schematic 1 | . . . . . . . . . 1 Robot Analysis 12 | . 6 . 4 . 1 . . . 1 Prototype ID Bank 4 | . 3 . 1 . . . . . . Open Door 3 | . . . . 1 . 1 . 1 . Emergency Access Points 2 | . . . . . . 1 1 . . Machine Index 1 | . . . . . . . . . 1 Terminal Index 1 | . . . . . . . 1 . . Unreport Threat 1 | . . . . . . . 1 . . Locate Traps 1 | . . . 1 . . . . . . Hauler Manifests 2 | . . . 1 . 1 . . . . Zone Layout 2 | . . . 2 . . . . . . Garrison Registry 1 | . . . . . . 1 . . . Patrol Navigation 2 | . . . . . . 1 . 1 . Security Stations 1 | . . . . . . 1 . . . Derelict Proto ID Bank 1 | . . 1 . . . . . . . Fabricator Hacks 2 | . . . . . . . . . 2 Load Schematic 1 | . . . . . . . . . 1 Build 1 | . . . . . . . . . 1 Repair Station Hacks 12 | . 2 . 4 . 4 . . . 2 Scan Component 6 | . 1 . 2 . 2 . . . 1 Repair 6 | . 1 . 2 . 2 . . . 1 Recycling Unit Hacks 6 | . 1 . . . 2 . . . 3 Retrieve Components 6 | . 1 . . . 2 . . . 3 Scanalyzer 2 | . . . . . . . 2 . . Insert Component 1 | . . . . . . . 1 . . Analyze 1 | . . . . . . . 1 . . Garrison Access Hacks 3 | . . . . . 1 . 1 . 1 Unlock Access 3 | . . . . . 1 . 1 . 1 Unauthorized Hacks 11 | . . . 1 . 2 3 . . 5 Terminals 4 | . . . 1 . . 3 . . . Botnet 4 | . . . 1 . . 3 . . . Fabricators . | . . . . . . . . . . Repair Stations . | . . . . . . . . . . Recycling Units 7 | . . . . . 2 . . . 5 Reject 4 | . . . . . 1 . . . 3 Recyclers 1 | . . . . . . . . . 1 Mask 2 | . . . . . 1 . . . 1 Scanalyzers . | . . . . . . . . . . Garrison Access . | . . . . . . . . . . Data Cores Recovered 1 | . . . . . . . . . 1 Used 1 | . . . . . . . . . 1 Hacking Detections 43 | . 9 . 9 . 4 4 4 2 11 Full Trace Events 8 | . 2 . 1 . . 2 . 1 2 Feedback Events 2 | . . . . . . . . 1 1 Corruption 2 | . . . . . . . . 1 1 Feedback Blocked . | . . . . . . . . . . Robot Schematics Acquired . | . . . . . . . . . . Robots Built . | . . . . . . . . . . Authchips . | . . . . . . . . . . Time . | . . . . . . . . . . Total Robot Build Rating . | . . . . . . . . . . Part Schematics Acquired 2 | . . . . . . . 1 . 1 Parts Built . | . . . . . . . . . . Authchips . | . . . . . . . . . . Time 84 | . . . . . . . . . 84 Total Part Build Rating . | . . . . . . . . . . Parts Repaired 5 | . 1 . 2 . 2 . . . . Time 180 | . 26 . 52 . 70 . . . 32 Parts Recycled . | . . . . . . . . . . Recycled Matter . | . . . . . . . . . . Retrieved Matter . | . . . . . . . . . . Retrieved Components 29 | . 1 . . . 13 . . . 15 Parts Scanalyzed 1 | . . . . . . . 1 . . Part Schematics Acquired 1 | . . . . . . . 1 . . Parts Damaged . | . . . . . . . . . . Bothacking | -11 -10 -10 -9 -9 -8 -8 -8 -8 -7 ------------ Run | Jun Mat Sub Mat Min Mat Gar Mat Gar Fac Used RIF Installer 2 | . . . . . . 1 . 1 . Hotswap 1 | . . . . . . . . 1 . Robots Hacked 9 | . . 1 . 1 . . . 2 5 Non-combat 3 | . . 1 . 1 . . . . 1 Combat 6 | . . . . . . . . 2 4 Robot Hacks Applied 9 | . . 1 . 1 . . . 2 5 parse_system 2 | . . 1 . 1 . . . . . find_chute 1 | . . . . . . . . . 1 disable_weapons 1 | . . . . . . . . . 1 formatsys_high 5 | . . . . . . . . 2 3 Relay Couplers Released 24 | . . . . . . 12 . 10 2 Machine Destruction 20 | . . . . . . 8 . 10 2 Programmers 4 | . . . . . . 4 . . . Attached 3 | . . . . . . . . 2 1 Fabnet Peak Effective % . | . . . . . . . . . . Robots Rewired 12 | . . . . . . 7 . 4 1 Allies Hacked . | . . . . . . . . . . Hacks Repelled . | . . . . . . . . . . Allies | -11 -10 -10 -9 -9 -8 -8 -8 -8 -7 -------- Run | Jun Mat Sub Mat Min Mat Gar Mat Gar Fac Total Allies 22 | . . . . 1 . 9 . 8 4 Largest Group 8 | . . . . 1 . 8 2 4 3 Highest-Rated Group 180 | . . . . 31 . 180 65 40 60 Highest-Rated Ally 39 | . . . . 31 . 39 39 20 32 Total Orders . | . . . . . . . . . . Ally Attacks 139 | . . . . . . 91 5 11 32 Total Damage 1955 | . . . . . . 1279 . 73 603 Kills 22 | . . . . . . 16 . 1 5 Allies Corrupted . | . . . . . . . . . . Allies Melted . | . . . . . . . . . . Intel | -11 -10 -10 -9 -9 -8 -8 -8 -8 -7 ------- Run | Jun Mat Sub Mat Min Mat Gar Mat Gar Fac Robot Analysis Total 12 | . 6 . 4 . 1 . . . 1 Derelict Logs Recovered 2 | . . 1 . 1 . . . . . Drone Launches . | . . . . . . . . . . Drone Recoveries . | . . . . . . . . . . Exploration | -11 -10 -10 -9 -9 -8 -8 -8 -8 -7 ------------- Run | Jun Mat Sub Mat Min Mat Gar Mat Gar Fac Turns Passed 17666 | 23 1787 1065 2434 2523 1967 1875 764 2317 2911 Spaces Moved 7624 | 13 774 501 1265 920 600 767 317 947 1520 Core . | . . . . . . . . . . Treads 1919 | . 717 237 . 64 . 2 65 832 2 Legs 70 | 13 57 . . . . . . . . Wheels 5635 | . . 264 1265 856 600 765 252 115 1518 Hover . | . . . . . . . . . . Flight . | . . . . . . . . . . Fastest Speed 120 | 120 120 125 120 140 150 150 135 150 140 Average Speed 166 | 120 199 178 139 171 152 150 153 210 155 Slowest Speed 560 | 120 240 240 145 560 155 312 400 240 560 Overloaded Moves . | . . . . . . . . . . Propulsion Burnouts . | . . . . . . . . . . Robots Hopped . | . . . . . . . . . . Cave-ins Triggered 1 | . . . . . . . . . 1 Exploration Rate (%) 58 | 3 98 25 87 99 39 78 29 82 48 Regions Visited 9 Branch Regions 2 Pre-discovered Areas . | . . . . . . . . . . Known Exits Taken 2 | . . . . . 1 . 1 . . Unknown Exits Taken 5 | 1 1 1 1 1 . . . . . Scrap Searched 6 | . . 4 . 2 . . . . . Spaces Dug 83 | . . . 40 . . 11 . 25 7 Terrain Destroyed 705 | . 15 6 66 7 51 45 67 93 355 Melee 14 | . . . . . . 1 . 7 6 Projectile 59 | . . . 13 7 4 . 18 1 16 AOE 632 | . 15 6 53 . 47 44 49 85 333 Terrain Rammed . | . . . . . . . . . . Walls Destroyed . | . . . . . . . . . . Machines Disabled . | . . . . . . . . . . Actions | -11 -10 -10 -9 -9 -8 -8 -8 -8 -7 --------- Run | Jun Mat Sub Mat Min Mat Gar Mat Gar Fac Total 11489 | 16 927 598 1735 1814 1552 1302 501 1158 1886 Wait 2441 | . 44 21 260 829 858 251 51 42 85 Move 7615 | 12 773 500 1264 919 600 765 317 945 1520 Hop . | . . . . . . . . . . Pick Up 167 | 1 24 7 33 7 12 12 14 16 41 Fast Attach 50 | . 4 3 5 . 3 1 9 5 20 Attach 61 | . 2 3 5 3 5 3 5 5 30 Detach 6 | . . . 1 . . . 1 . 4 Swap 137 | 1 6 13 23 8 4 17 14 19 32 Drop 176 | . 20 9 32 12 15 17 21 17 33 Fire 662 | 2 47 34 112 27 55 145 65 68 107 Melee 44 | . . 8 . 4 . 3 . 18 11 Ram 2 | . . . . . . . 2 . . Kick . | . . . . . . . . . . Crush 13 | . 7 . . 4 . . 2 . . Escape Stasis 30 | . . . . . . 20 . 10 . Rewire 82 | . . . . 1 . 68 . 13 . Trap 3 | . . . . . . . . . 3 Miscellaneous . | . . . . . . . . . . Route ------- -11/Junkyard -10/Materials (discovered 5 exits: *Mat x3 / [*Min] / *Sub) -10/Subcaves -9/Materials (discovered 4 exits: *Mat x2 / *Min / [*Sto]) -9/Mines (discovered 2 exits: *Mat x2) -8/Materials (discovered 2 exits: Fac / Gar) -8/Garrison (discovered 3 exits: *Mat x3) -8/Materials -8/Garrison (discovered 3 exits: *Fac x3) -7/Factory (discovered 4 exits: [*Fac x3] / [*Low]) History --------- Turn | Location | Event 9 | -11/Junkyard | Discovered new exit (range 3) 24 | -11/Junkyard | Entered Materials 226 | -10/Materials | Discovered new exit (range 9) 283 | -10/Materials | Discovered new exit (range 16) 304 | -10/Materials | Build established: Mutant 700 | -10/Materials | Derelicts attacked the area 766 | -10/Materials | Discovered new exit (range 8) 770 | -10/Materials | Central database locked down 1062 | -10/Materials | Repaired Lgt. Treads 1165 | -10/Materials | Discovered new exit (range 14) 1605 | -10/Materials | Discovered new exit (range 8) 1811 | -10/Materials | Entered Subcaves 1863 | -10/Subcaves | Core integrity fell below 50% 2184 | -10/Subcaves | Disturbed a concealed Subdweller 2303 | -10/Subcaves | Learned Materials interactive machine intel 2484 | -10/Subcaves | A swath of the cavern ceiling suddenly collapsed 2591 | -10/Subcaves | Visited 4L-MR0's lab 2626 | -10/Subcaves | Found Gun Armor 2773 | -10/Subcaves | Discovered new exit (range 12) 2876 | -10/Subcaves | Entered Materials 2876 | -9/Materials | Evolved 2 slots: Propulsion x1, Utility x1 2877 | -9/Materials | Loaded intel: 18 interactive machine locations 2931 | -9/Materials | Repaired Lgt. Treads 3544 | -9/Materials | Discovered new exit (range 15) 3716 | -9/Materials | Build established: Scavenger-Mutant 3732 | -9/Materials | Discovered new exit (range 16) 4026 | -9/Materials | Discovered new exit (range 8) 4061 | -9/Materials | Repaired Lgt. Armor Plating 4473 | -9/Materials | Discovered new exit (range 8) 5276 | -9/Materials | First assault squad dispatched 5289 | -9/Materials | Build established: Mutant 5310 | -9/Materials | Entered Mines 5313 | -9/Mines | Received a Mining Laser from a helpful Derelict 5779 | -9/Mines | Met a Derelict who couldn't figure out how to use a Trap Extractor 5960 | -9/Mines | Discovered new exit (range 15) 6000 | -9/Mines | Learned 2 Materials zone layouts 6020 | -9/Mines | Found a hidden stash of uninstalled traps 6048 | -9/Mines | Discovered new exit (range 6) 7833 | -9/Mines | Entered Materials 7833 | -8/Materials | Evolved 2 slots: Propulsion x1, Utility x1 7834 | -8/Materials | Identified exit to Factory 8107 | -8/Materials | Build established: Subdweller-Mutant 8214 | -8/Materials | Repaired Hvy. Armor Plating 8247 | -8/Materials | Repaired Arm. Wheel 8533 | -8/Materials | Garrison activated, responded to threat 9167 | -8/Materials | Build established: Mutant 9798 | -8/Materials | Identified exit to Garrison 9800 | -8/Materials | Entered Garrison 9912 | -8/Garrison | Triggered checkpoint 9962 | -8/Garrison | Triggered checkpoint 10182 | -8/Garrison | Learned Materials security intel 10188 | -8/Garrison | Discovered new exit (range 3) 10209 | -8/Garrison | Discovered new exit (range 50) 10209 | -8/Garrison | Discovered new exit (range 8) 10209 | -8/Garrison | Discovered new exit (range 75) 10354 | -8/Garrison | Triggered checkpoint 10398 | -8/Garrison | Installed Relay Interface Framework 10464 | -8/Garrison | Garrison Relay disabled 10779 | -8/Garrison | Rescued a captive Derelict 10781 | -8/Garrison | Rescued a captive Derelict 10804 | -8/Garrison | Build established: Commander-Mutant 10828 | -8/Garrison | Triggered checkpoint 10868 | -8/Garrison | Triggered checkpoint 10901 | -8/Garrison | Triggered checkpoint 10958 | -8/Garrison | Triggered checkpoint 10969 | -8/Garrison | Garrison Relay disabled 11330 | -8/Garrison | Build established: Scavenger-Mutant 11675 | -8/Garrison | Entered Materials 11675 | -8/Materials | Accompanied by 2 allies 12075 | -8/Materials | First assault squad dispatched 12082 | -8/Materials | Garrison activated, responded to threat 12090 | -8/Materials | Core integrity fell below 50% 12396 | -8/Materials | Garrison activated, responded to threat 12439 | -8/Materials | Identified exit to Garrison 12439 | -8/Materials | Entered Garrison 12478 | -8/Garrison | Expanded RIF knowledge: Hotswap 12527 | -8/Garrison | Build established: Mutant 12580 | -8/Garrison | Triggered checkpoint 12580 | -8/Garrison | Triggered checkpoint 12649 | -8/Garrison | Destroyed 9 combat bots 12849 | -8/Garrison | Discovered exit to Factory (range 10) 13070 | -8/Garrison | Build established: Scavenger-Mutant 13114 | -8/Garrison | Triggered checkpoint 13157 | -8/Garrison | Garrison Relay disabled 13218 | -8/Garrison | Rescued a captive Derelict 13219 | -8/Garrison | Rescued a captive Derelict 13389 | -8/Garrison | Triggered checkpoint 13850 | -8/Garrison | Triggered checkpoint 13886 | -8/Garrison | Garrison Relay disabled 13963 | -8/Garrison | Discovered exit to Factory (range 10) 14166 | -8/Garrison | Triggered checkpoint 14186 | -8/Garrison | Build established: Mutant 14194 | -8/Garrison | Core integrity fell below 20% 14266 | -8/Garrison | Discovered exit to Factory (range 3) 14492 | -8/Garrison | Triggered checkpoint 14544 | -8/Garrison | Garrison Relay disabled 14756 | -8/Garrison | Entered Factory 14756 | -7/Factory | Accompanied by 2 allies 14756 | -7/Factory | Evolved 2 slots: Utility x2 14851 | -7/Factory | Build established: Bothacker-Mutant 14885 | -7/Factory | Identified exit to Garrison 15227 | -7/Factory | Discovered new exit (range 16) 15366 | -7/Factory | Discovered new exit (range 5) 15907 | -7/Factory | Discovered new exit (range 11) 15994 | -7/Factory | Build established: Hauler-Mutant 16385 | -7/Factory | Discovered new exit (range 16) 17156 | -7/Factory | First assault squad dispatched 17317 | -7/Factory | High security lockdown imminent 17351 | -7/Factory | Crushed by falling debris 17382 | -7/Factory | Lost 3 parts (1p1n1u) 17397 | -7/Factory | High security lockdown engaged 17567 | -7/Factory | System corruption reached 10% 17572 | -7/Factory | Core integrity fell below 50% 17576 | -7/Factory | Attached Gun Armor, gained temporary slots: Weapon x2 17603 | -7/Factory | Destroyed 17 combat bots 17664 | -7/Factory | Core integrity fell below 20% 17667 | -7/Factory | Lost 16 parts (1p4n8u3w) 17667 | -7/Factory | Destroyed by H-55 Commando with Gauss Rifle Last Messages --------------- 17636_ Arm. Wheel destroyed. 17638_ The unstable cave ceiling collapses. 17649_ Slug penetrates Earth. 17650_ System corrupted: Heat flow error (+178). 17655_ Imp. Trap Extractor dropped Explosive Trap. 17655_ Installed Explosive Trap. 17655_ Slug penetrates Wall. 17656_ Imp. Trap Extractor dropped Explosive Trap. 17657_ Slug penetrates Earth. 17663_ Acquired 8 matter. 17665_ Penetrated by Slug. 17665_ Acquired 40 matter. 17666_ System corrupted: Matter fused (-6). 17667_ ALERT: Heavy assault forces dispatched. 17667_ Com. Wheel destroyed. 17667_ Remote Datajack destroyed. 17667_ Plasma Cannon destroyed. 17667_ Temporary Weapon slot lost. 17667_ Critical hit (Burn: +37). 17667_ Slug penetrates Wall. Map ----- +----------------------------------------------------+ | ? ] ######## #???????????# "!" | | ? +???????????#! "Y" | | ? ########?????????????# """ | | ?? ########## * # ??????????????###### | | ?? ????????????###!### """???????????????????? | | ????###########????# #?# / """???????????????????? | | ????# #????#!#?# """???????????????????? | | ????# #????# ### ""????????????????????? | | ????# #????# ### ??????????????????????? | | ????# #???## ###/###?????????????????????? | | ????# #???# #?????????????????????? | | ????# #??## #?????????????????????? | | ????# #??#% ##########????????????? | | ???# #??#T # #????????????? | | #?##+###+######### # """ #????????????? | | ??# # """ #????????????? | | ???# # """ #????????????? | | ???# # = #??????# ### | | ???# #######+#####+### # #??????## #### | | ??## ## #?# # + | | ### # #?# + ""T"" #?????### #### | | # """ #?# g# """"" #?????### #### | | + """"" ### ##########??????????## | | # """"" ## g ########## ??????### | | ### # ## Y?????### | | ######## """ [ + @ YY